 Dungeon Crawl Stone Soup version 0.29-a0-330-g52719c12eb (webtiles) character file.

Game seed: 17856050942626872093

429 kae the Firebug (level 6, -2/40 HPs)
             Began as an Octopode Fire Elementalist on Apr 18, 2022.
             Slain by an orc wizard
             ... wielding a +0 dagger of venom
              (4 damage)
             ... on level 4 of the Dungeon.
             The game lasted 00:02:02 (5093 turns).

kae the Firebug (Octopode Fire Elementalist)        Turns: 5093, Time: 00:02:02

Health: -2/40      AC:  1    Str:  7    XL:     6   Next: 98%
Magic:  10/10      EV: 13    Int: 19    God:
Gold:   134        SH:  4    Dex: 13    Spells: 2/11 levels left

rFire   . . .      SeeInvis +   q - +2 dagger (speed)
rCold   . . .      Faith    .   r - +0 buckler
rNeg    . . .      Spirit   .   (helmet restricted)
rPois   .          Reflect  .   (no amulet)
rElec   .          Harm     .   t - ring of see invisible
rCorr   .          Rampage  .   (no ring)
Will    .....                   (no ring)
Stlth   ++++......              (no ring)
HPRegen 0.13/turn               (no ring)
MPRegen 0.12/turn               (no ring)
                                (no ring)
                                (no ring)

@: lethally poisoned (-2 -> -11), about to teleport, flying
A: almost no armour, amphibious, 8 rings, camouflage 1, gelatinous body 1,
(nimble swimmer 1), tentacles
a: no special abilities


You were on level 4 of the Dungeon.
You visited 1 branch of the dungeon, and saw 4 of its levels.

You collected 134 gold pieces.

Inventory:

Hand Weapons
 q - a +2 dagger of speed (weapon)
Missiles
 h - a throwing net
Armour
 r - a +0 buckler (worn)
Jewellery
 t - a ring of see invisible (left tentacle)
Scrolls
 e - a scroll of vulnerability {unknown}
 f - 3 scrolls of identify {unknown}
 i - a scroll of blinking {unknown}
 k - a scroll of silence {unknown}
 l - a scroll of noise {unknown}
 n - a scroll of fog {unknown}
 o - a scroll of magic mapping {unknown}
 p - a scroll of amnesia {unknown}
 u - a scroll of enchant armour {unknown}
 x - a scroll of brand weapon {unknown}
Potions
 a - a potion of magic
 d - a potion of heal wounds {unknown}
 g - a potion of cancellation {unknown}
 j - a potion of brilliance {unknown}
 m - 2 potions of curing {unknown}
 s - a potion of mutation {unknown}
 v - a potion of attraction {unknown}
 w - a potion of berserk rage {unknown}


   Skills:
 + Level 2.3 Fighting
 + Level 3.0 Dodging
 + Level 4.3 Stealth
 + Level 1.2 Shields
 + Level 3.0 Spellcasting
 + Level 2.4 Conjurations
 * Level 4.8 Fire Magic


You had 2 spell levels left.
You knew the following spells:

 Your Spells              Type           Power      Damage    Failure   Level
a - Foxfire               Conj/Fire      64%        2x1d7     4%          1
b - Scorch                Fire           42%        2d7       4%          2
c - Conjure Flame         Conj/Fire      16%        6-21      14%         3
d - Inner Flame           Hex/Fire       12%        N/A       22%         3

Your spell library contained the following spells:

 Spells                   Type           Power      Damage    Failure   Level
 Static Discharge         Conj/Air       7%         N/A       19%         2
 Flame Wave               Conj/Fire      16%        2d6       41%         4
 Sticky Flame             Conj/Fire      16%        2d4       41%         4
 Dispel Undead            Necr           2%         3d7       89%         4


Dungeon Overview and Level Annotations

Branches:
Dungeon (4/15)
 Temple: D:4-7

Altars:
Cheibriados

Annotations:
D:2 Sigmund


Innate Abilities, Weirdness & Mutations

You cannot wear most types of armour.
You are amphibious.
You can wear up to eight rings at the same time.
Your skin changes colour to match your surroundings (Stealth+).
Your rubbery body absorbs attacks. (AC +1, EV +1)
((You are camouflaged when in or above water. (Stealth+)))
You have tentacles for arms and can constrict up to eight enemies at once.


Message History

Found a stone staircase leading up and a stone staircase leading down.
There is a stone staircase leading up here.
Okay, then.
Okay, then.
A jackal comes into view.
Found 8 gold pieces.
You feel sick.
A jackal comes into view.
The orc priest invokes the aid of Beogh against you.
Beogh smites you!
The orc wizard hits you with a +0 dagger of venom.
The jackal moves out of view.
You closely miss the jackal.
The jackal barks!
You grab the jackal. You constrict the jackal.
You feel sick.
You hear an angry hiss.
The jackal barely misses you. The orc priest barely misses you.
The orc priest miscasts a cantrip.
The orc wizard hits you with a +0 dagger of venom.
You are lethally poisoned!
As you read the scroll of teleportation, it crumbles to dust.
You feel strangely unstable.
You constrict the jackal.
* * * LOW HITPOINT WARNING * * *
You feel very sick.
A ball python comes into view.
The jackal bites you.
* * * LOW HITPOINT WARNING * * *
The orc priest barely misses you.
The orc wizard hits you with a +0 dagger of venom.
* * * LOW HITPOINT WARNING * * *
The orc priest closely misses you.
It was a potion of flight.
You feel very buoyant.
You fly up into the air.
You constrict the jackal.
* * * LOW HITPOINT WARNING * * *
You feel sick. The jackal misses you. The orc priest hits you with a +0 club.
* * * LOW HITPOINT WARNING * * *
The orc priest hits you with a +0 short sword.
* * * LOW HITPOINT WARNING * * *
The orc wizard hits you with a +0 dagger of venom.
You die...

..## .!.#
#..# #>.#
#..# # #o.#
.S.##.##o.#
$...h.h@oo#
......##o.#
..<.. $..#
.... ....#
.## .$...#
...####
#... ....


You could see 2 orc priests, an orc wizard, 2 orcs, 2 jackals and a ball python.

Vanquished Creatures
  Grinder (D:3)
  A scorpion (D:3)
  An iguana (D:2)
  Natasha (D:2)
  4 adders (D:2)
  A worm (D:3)
  4 dart slugs
  2 orcs (D:3)
  3 ball pythons
  6 endoplasms
  9 goblins
  6 hobgoblins
  4 jackals
  3 quokkas
  10 bats
  4 frilled lizards
  8 kobolds
  3 rats (D:1)
71 creatures vanquished.

Vanquished Creatures (collateral kills)
  A foxfire (D:1)
1 creature vanquished.

Vanquished Creatures (others)
  262 foxfires
262 creatures vanquished.

Grand Total: 334 creatures vanquished

Notes
Turn   | Place    | Note
-------+----------+-------------------------------------------
     0 | D:1      | kae the Octopode Fire Elementalist began the quest for the
                  | Orb.
     0 | D:1      | Reached XP level 1. HP: 11/11 MP: 3/3
   216 | D:1      | Reached XP level 2. HP: 17/17 MP: 1/5
   516 | D:1      | Found a faded altar of an unknown god.
  1211 | D:2      | Learned a level 2 spell: Scorch
  1222 | D:1      | Reached XP level 3. HP: 6/22 MP: 1/6
  1541 | D:2      | Noticed Sigmund
  1682 | D:2      | Reached skill level 1 in Fighting
  1797 | D:2      | You fall into a shaft and drop 1 floor!
  2466 | D:2      | Reached XP level 4. HP: 26/28 MP: 4/7
  2566 | D:2      | Noticed Natasha
  2572 | D:2      | Killed Natasha
  3112 | D:2      | Reached XP level 5. HP: 11/34 MP: 1/8
  3483 | D:2      | Learned a level 3 spell: Conjure Flame
  3487 | D:2      | Learned a level 3 spell: Inner Flame
  3850 | D:3      | Noticed Grinder
  3865 | D:3      | Killed Grinder
  3866 | D:3      | Reached skill level 1 in Shields
  3866 | D:3      | Reached XP level 6. HP: 15/39 MP: 0/10
  4068 | D:3      | Found a snail-covered altar of Cheibriados.
  5093 | D:4      | HP: 2/40 [orc priest/+0 short sword (3)]
  5093 | D:4      | Slain by an orc wizard

Illustrated notes

Levels and vault maps discovered:
D:1:      dpeg_arrival_radiant, layout_basic,
          shapermc_ecumenical_altar_acropolis
D:2:      layout_loops_corners, uniq_natasha, uniq_sigmund
D:3:      layout_basic, mainiacjoe_overflow_surrounded_room, uniq_grinder
D:4:      layout_loops_ring

Skill      XL: |  1  2  3  4  5 |
---------------+----------------+-----
Stealth        | 3 4 |  4.3
Fighting       | 1 2 |  2.3
Fire Magic     | 4 |  4.8
Conjurations   | 2 |  2.4
Dodging        | 3 |  3.0
Shields        | 1 |  1.2
Spellcasting   | 3 |  3.0

Action                   |  1- 3 |  4- 6 || total
-------------------------+-------+-------++-------
Melee: Unarmed           |    19 |    25 ||    44
       Tentacles         |     4 |     8 ||    12
       Constrict         |     3 |     8 ||    11
       Punch             |       |     1 ||     1
       Dagger            |       |     7 ||     7
 Cast: Foxfire           |    89 |    61 ||   150
       Scorch            |       |     8 ||     8
  Use: Scroll            |       |     2 ||     2
       Potion            |       |     1 ||     1
Armor: Skin              |     4 |     3 ||     7
Dodge: Dodged            |    46 |    32 ||    78

Table legend: (Time is in decaauts)
 A = Elapsed time spent in this place.
 B = Non-inter-level travel time spent in this place.
 C = Inter-level travel time spent in this place.
 D = Time resting spent in this place.
 E = Time spent auto-exploring this place.
 F = Levels seen in this place.
 G = Mean time per level.
                   A        B        C        D        E       F      G
               +--------+--------+--------+--------+--------+-----+--------+
         Total |   5092 |   4996 |     96 |    248 |   4160 |   4 | 1273.0 |
       Dungeon |   5092 |   4996 |     96 |    248 |   4160 |   4 | 1273.0 |
               +--------+--------+--------+--------+--------+-----+--------+

Top non-repeatable levels by time:
     D:2: 1926 daAuts
     D:3: 1727 daAuts
     D:1: 1431 daAuts
     D:4: 7 daAuts
